 Dungeon Crawl Stone Soup version 0.29.1-2-gbd0b4ee654 (webtiles) character file.

Game seed: 16370663916807648976

51 Ivernyr the Insei (level 3, 0/24 HPs)
             Began as an Octopode Transmuter on Oct 29, 2022.
             Slain by a hobgoblin (4 damage)
             ... on level 2 of the Dungeon.
             The game lasted 00:02:50 (1398 turns).

Ivernyr the Insei (Octopode Transmuter)             Turns: 1398, Time: 00:02:51

Health: 0/24       AC:  1    Str:  9    XL:     3   Next: 83%
Magic:  6/6        EV: 13    Int: 17    God:
Gold:   99         SH:  0    Dex: 12    Spells: 3/6 levels left

rFire   . . .      SeeInvis .   c - +4 spear (venom)
rCold   . . .      Faith    .   (no shield)
rNeg    . . .      Spirit   .   (helmet restricted)
rPois   .          Reflect  .   (no amulet)
rElec   .          Harm     .   (no ring)
rCorr   .          Rampage  .   (no ring)
Will    .....                   (no ring)
Stlth   ++........              (no ring)
HPRegen 0.08/turn               (no ring)
MPRegen 0.10/turn               (no ring)
                                (no ring)
                                (no ring)

@: no status effects
A: almost no armour, amphibious, 8 rings, camouflage 1, gelatinous body 1,
(nimble swimmer 1), tentacles
a: no special abilities


You were on level 2 of the Dungeon.
You visited 1 branch of the dungeon, and saw 2 of its levels.

You collected 99 gold pieces.

Inventory:

Hand Weapons
 c - a +4 spear of venom (weapon)
Scrolls
 b - a scroll of noise {unknown}
 e - a scroll of amnesia {unknown}
 h - a scroll of enchant weapon {unknown}
 i - a scroll of blinking {unknown}
 l - 2 scrolls of identify {unknown}
 m - a scroll of vulnerability {unknown}
Potions
 a - 3 potions of lignification
 d - a potion of mutation {unknown}
 f - a potion of berserk rage {unknown}
 g - a potion of flight {unknown}
 j - a potion of curing {unknown}
 k - a potion of haste {unknown}


   Skills:
 + Level 1.7 Fighting
 + Level 2.5 Dodging
 - Level 3.0 Unarmed Combat
 + Level 2.4 Spellcasting
 * Level 2.8 Transmutations


You had 3 spell levels left.
You knew the following spells:

 Your Spells              Type           Power      Damage    Failure   Level
a - Beastly Appendage     Tmut           22%        N/A       6%          1
b - Wereblood             Tmut           11%        N/A       9%          2

Your spell library contained the following spells:

 Spells                   Type           Power      Damage    Failure   Level
 Blink                    Tloc           4%         N/A       28%         2
 Spider Form              Tmut/Pois      6%         N/A       30%         3
 Ice Form                 Ice/Tmut       6%         N/A       71%         4
 Manifold Assault         Tloc           2%         N/A       99%         5
 Storm Form               Tmut/Air       3%         N/A       100%        7


Dungeon Overview and Level Annotations

Branches:
Dungeon (2/15)

Altars:


Innate Abilities, Weirdness & Mutations

You cannot wear most types of armour.
You are amphibious.
You can wear up to eight rings at the same time.
Your skin changes colour to match your surroundings (Stealth+).
Your rubbery body absorbs attacks. (AC +1, EV +1)
((You are camouflaged when in or above water. (Stealth+)))
You have tentacles for arms and can constrict up to eight enemies at once.


Message History

You now have 99 gold pieces (gained 13).
You open the door.
There is an open door here.
Found a stone staircase leading down.
A bat comes into view.
The bat moves out of view.
A bat is nearby!
A bat is nearby! 2 hobgoblins come into view.
Things that are here:
a brown potion; 12 gold pieces
There are monsters nearby!
Okay, then.
An endoplasm comes into view.
Found a scroll labelled JEJEGGIBREC.
The hobgoblin shouts!
The bat misses you.
You miss the bat. Your grab misses the bat. The bat closely misses you.
You barely miss the bat. Your grab misses the bat. The bat hits you.
You hit the bat.
You kill the bat!
You completely miss the hobgoblin. Your grab misses the hobgoblin.
The hobgoblin hits you. The endoplasm freezes you.
You are frozen.
You barely miss the hobgoblin. Your grab misses the hobgoblin.
You tentacle-slap the hobgoblin.
You kill the hobgoblin!
The endoplasm barely misses you.
You hit the hobgoblin.
The hobgoblin is poisoned.
Your grab misses the hobgoblin. Your squeeze misses the hobgoblin.
The hobgoblin is moderately wounded.
The endoplasm freezes you.
You are frozen.
The hobgoblin hits you.
You hit the endoplasm but do no damage. The hobgoblin hits you.
* * * LOW HITPOINT WARNING * * *
The endoplasm hits you.
* * * LOW HITPOINT WARNING * * *
The endoplasm barely misses you. The hobgoblin hits you.
You die...

##########.# ########+#..##
.........#.###.#≈≈≈≈≈#....#
.....>...#.##..#....≈####..
.........#.....#....≈###...
...............#....≈##..##
...............'######..##
.........###............###
####.##.###................
###..##!#g@....[...........
#.......†J##........######.
#........###.##.##...## #.
#........#...#)#)#....# ##
#............#...#..#.###
#.........#..#.).#......###
#............##.##.........
#.........##. .#...###...>.
#.....?...# #. .### #...).


You could see an endoplasm and a hobgoblin (very poisoned).

Vanquished Creatures
  A gnoll (D:1)
  A dart slug (D:1)
  5 bats
  2 endoplasms (D:1)
  4 giant cockroaches
  2 goblins (D:2)
  6 hobgoblins
  3 jackals (D:1)
  4 kobolds
  A quokka (D:1)
  2 ball pythons (D:1)
  2 frilled lizards (D:2)
  3 rats (D:1)
36 creatures vanquished.

Notes
Turn   | Place    | Note
-------+----------+-------------------------------------------
     0 | D:1      | Ivernyr the Octopode Transmuter began the quest for the
                  | Orb.
     0 | D:1      | Reached XP level 1. HP: 13/13 MP: 3/3
    66 | D:1      | Reached XP level 2. HP: 13/18 MP: 5/5
   390 | D:1      | Found a faded altar of an unknown god.
   700 | D:1      | Learned a level 2 spell: Wereblood
   808 | D:1      | Reached XP level 3. HP: 23/23 MP: 2/6
  1398 | D:2      | Slain by a hobgoblin

Illustrated notes

Levels and vault maps discovered:
D:1:      nicolae_arrival_memento_mori, layout_loops_ring,
          shapermc_ecumenical_altar_acropolis, chequers_serial_rivers_micro_d,
          minmay_tetromino_s4
D:2:      layout_rooms, serial_rivers, chequers_serial_rivers_room_b,
          chequers_serial_rivers_room_a, chequers_serial_rivers_micro_b,
          chequers_serial_rivers_micro_a, chequers_serial_rivers_room_b,
          minmay_crystal_room, minmay_distorted

Action                   || total
-------------------------++-------
Melee: Unarmed           ||     5
       Constrict         ||    13
       Tentacles         ||    11
       Spear             ||    53
       Kick              ||     2
       Punch             ||     2
 Cast: Beastly Appendage ||     1
       Wereblood         ||     1
 Stab: Sleeping          ||     7
Armor: Skin              ||     2
Dodge: Dodged            ||    35
